 Dungeon Crawl Stone Soup version 0.32-a0-711-g016ad743e0 (webtiles) character file.

Game seed: 3414012194048341770

63 croobank the Caller (level 4, -4/28 HPs)
             Began as an Octopode Summoner on Mar 15, 2024.
             Slain by Grinder (5 damage)
             ... on level 3 of the Dungeon.
             The game lasted 00:04:12 (1610 turns).

croobank the Caller (Octopode Summoner)             Turns: 1610, Time: 00:04:13

Health: -4/28      AC:  1    Str:  7    XL:     4   Next: 9%
Magic:  7/7        EV: 12    Int: 19    God:
Gold:   114        SH:  0    Dex: 12    Spells: 2/8 levels left

rFire   . . .        a - +3 dagger
rCold   . . .        (no shield)
rNeg    . . .        (helmet restricted)
rPois   .            (no amulet)
rElec   .            (no ring)
rCorr   .            (no ring)
SInv    .            (no ring)
Will    .....        (no ring)
Stlth   ++           (no ring)
HPRegen 0.24/turn    (no ring)
MPRegen 0.10/turn    (no ring)
                     (no ring)

%: no passive effects
@: confused
A: almost no armour, amphibious, 8 rings, camouflage 1, gelatinous body 1,
(nimble swimmer 1), tentacles
a: no special abilities


You were on level 3 of the Dungeon.
You visited 1 branch of the dungeon, and saw 3 of its levels.

You collected 114 gold pieces.

Inventory:

Hand Weapons
 a - a +3 dagger (weapon)
 b - a +0 sling
 g - a +0 dagger of venom
Scrolls
 e - a scroll of fog {unknown}
 f - a scroll of brand weapon {unknown}
 i - a scroll of butterflies {unknown}
 k - a scroll of noise {unknown}
 m - 3 scrolls of identify {unknown}
 n - 3 scrolls of fear {unknown}
 o - a scroll of teleportation {unknown}
 p - a scroll of blinking {unknown}
Potions
 c - a potion of magic
 d - 2 potions of attraction {unknown}
 h - 2 potions of cancellation {unknown}
 j - a potion of haste {unknown}
 l - a potion of mutation {unknown}


   Skills:
 + Level 1.0 Fighting
 + Level 2.6 Dodging
 + Level 3.6 Stealth
 + Level 2.5 Spellcasting
 + Level 4.3 Summonings


You had 2 spell levels left.
You knew the following spells:

 Your Spells              Type           Power      Damage    Failure   Level
a - Summon Small Mammal   Summ           76%        N/A       2%          1
b - Call Imp              Summ           38%        N/A       4%          2
c - Call Canine Familiar  Summ           19%        N/A       8%          3

Your spell library contained the following spells:

 Spells                   Type           Power      Damage    Failure   Level
 Summon Blazeheart Golem  Fire/Summ      10%        N/A       54%         4
 Summon Lightning Spire   Summ/Air       10%        N/A       54%         4


Dungeon Overview and Level Annotations

Branches:
Dungeon (3/15)

Altars:

Annotations:
D:3 Grinder


Innate Abilities, Weirdness & Mutations

You cannot wear most types of armour.
You are amphibious.
You can wear up to eight rings at the same time.
Your skin changes colour to match your surroundings (Stealth+).
Your rubbery body absorbs attacks. (AC +1, EV +1)
((You are camouflaged when in or above water. (Stealth+)))
You have tentacles for arms and can constrict up to eight enemies at once.


Message History

You kill the goblin!
Your Fighting skill increases to level 1!
Things that are here:
a +0 club; a goblin corpse
Things that are here:
a +0 club; a goblin corpse
There is a stone staircase leading up here.
You see here a +0 sling.
Found 5 stones.
Done exploring.
Done exploring.
There is a stone staircase leading down here.
You climb downwards.
The orc shouts!
The orc wizard shouts!
The goblin shouts!
The orc shouts!
The orc wizard shouts!
The goblin shouts!
You hear an angry hiss.
The endoplasm quivers.
The goblin shouts!
The endoplasm quivers.
The ball python hisses angrily.
You hear an angry hiss.
Found 16 gold pieces and a scroll labelled TYMUFO ZETSACE.
There is a stone staircase leading up here.
There are monsters nearby!
Grinder shouts!
The orc wizard points at you and mumbles some strange words.
The puff of flame hits you!
The orc wizard gestures at you while chanting.
You are confused.
You hear an angry hiss.
In your confused state, you trip and fall back down the stairs.
The endoplasm freezes you.
You are frozen.
Grinder hits you.
You writhe in agony.
* * * LOW HITPOINT WARNING * * *
The endoplasm freezes you.
You are frozen.
* * * LOW HITPOINT WARNING * * *
The goblin closely misses you. Grinder hits you.
* * * LOW HITPOINT WARNING * * *
You writhe in agony.
You die...
Grinder says, "Hey, I wasn't done torturing you yet!"

.. .. .##..
.....S .#o.# #
#....## #.
.o....#
####.##go.....
#....J@5g....#
.....gJ.o......
......b........
..g...S........
..............#
.............##
.#...##...?..#
#### .....###


You could see Grinder, 2 orc wizards, an adder, 2 orcs, 2 endoplasms, a
hobgoblin (wandering), 3 goblins, a bat and a ball python.

Vanquished Creatures
  2 adders (D:2)
  An endoplasm (D:1)
  2 goblins (D:2)
  2 hobgoblins (D:2)
  2 jackals (D:2)
  A ball python (D:2)
  2 frilled lizards
  3 kobolds (D:1)
  4 rats
19 creatures vanquished.

Vanquished Creatures (collateral kills)
  2 adders (D:2)
  2 endoplasms
  2 goblins (D:1)
  2 hobgoblins (D:1)
  A rat (D:1)
9 creatures vanquished.

Grand Total: 28 creatures vanquished

Notes
Turn   | Place    | Note
-------+----------+-------------------------------------------
     0 | D:1      | croobank the Octopode Summoner began the quest for the Orb.
     0 | D:1      | Reached XP level 1. HP: 11/11 MP: 3/3
   300 | D:1      | Reached XP level 2. HP: 17/17 MP: 1/5
   303 | D:1      | Learned a level 2 spell: Call Imp
   975 | D:2      | Reached XP level 3. HP: 14/22 MP: 2/6
  1113 | D:2      | Learned a level 3 spell: Call Canine Familiar
  1368 | D:2      | Reached XP level 4. HP: 23/27 MP: 7/7
  1501 | D:2      | Reached skill level 1 in Fighting
  1607 | D:3      | Noticed Grinder
  1610 | D:3      | HP: 1/28 [Grinder (5)]
  1610 | D:3      | Slain by Grinder

Illustrated notes

Levels and vault maps discovered:
D:1:      psy_arrival_statuary, layout_loops_cross
D:2:      layout_loops_ring, nicolae_half_adder
D:3:      layout_rooms, vehumet_statue, mainiacjoe_overflow_six_doors_small,
          hellmonk_ecumenical_altar_run_dry, uniq_grinder, uniq_terence,
          uniq_ijyb

Skill      XL: |  1  2  3  4 |
---------------+-------------+-----
Stealth        | 3 |  3.6
Fighting       | 1 |  1.0
Dodging        | |  2.6
Spellcasting   | |  2.5
Summonings     | |  4.3

Action                     |  1- 3 |  4- 6 || total
---------------------------+-------+-------++-------
  Melee: Unarmed           |     5 |       ||     5
         Constrict         |     4 |     1 ||     5
         Dagger            |    14 |     6 ||    20
         Tentacles         |     1 |       ||     1
   Fire: Sling             |     4 |       ||     4
   Cast: Summon Small Mamm |    17 |       ||    17
         Call Imp          |     4 |       ||     4
         Call Canine Famil |     1 |       ||     1
   Stab: Sleeping          |     4 |     2 ||     6
         Distracted        |     1 |       ||     1
 Armour: Skin              |     7 |     4 ||    11
  Dodge: Dodged            |    10 |     3 ||    13

Table legend: (Time is in decaauts)
 A = Elapsed time spent in this place.
 B = Non-inter-level travel time spent in this place.
 C = Inter-level travel time spent in this place.
 D = Time resting spent in this place.
 E = Time spent auto-exploring this place.
 F = Levels seen in this place.
 G = Mean time per level.
                   A        B        C        D        E       F      G
               +--------+--------+--------+--------+--------+-----+--------+
         Total |   1609 |   1486 |    123 |     90 |   1107 |   3 |  536.3 |
       Dungeon |   1609 |   1486 |    123 |     90 |   1107 |   3 |  536.3 |
               +--------+--------+--------+--------+--------+-----+--------+

Top non-repeatable levels by time:
     D:2: 831 daAuts
     D:1: 775 daAuts
     D:3: 2 daAuts
